cohdb
Replays
Latest Replays
All Replays
Popular Replays
Top Player Replays
Match Explorer
How It Works
Community
CoH3 Stats
Reddit
Sign in to upload your games and track your stats! →
Sign in with Steam
1v1 very well struggle
Match 43103258
Overview
Messages
Build Orders
End
Engineer Squad
Selects Special Operations Battlegroup
Selects M29 Weasel Recon Vehicle
M29 Weasel Recon Vehicle
Construct Barracks
Riflemen Squad
Riflemen Squad
M1 Mortar Team
Construct Medical Station
Infantry Support Center
Selects Raiding Flares
Construct Motor Pool
M8 Greyhound Armored Car
Selects SSF Commando Squad
SSF Commando Squad
M8 Greyhound Armored Car
Grenade Package
Construct Weapon Support Center
M1 Anti-tank Gun Team
SSF Commando Squad
Advanced Logistics
Selects Air Re-supply Operation
M1 Anti-tank Gun Team
M1 Anti-tank Gun Team
Selects P-47 Anti-Infantry Loiter
Construct Tank Depot
Selects UNKNOWN (2162291)
M18 Hellcat Tank Destroyer
SSF Commando Squad
M4A1 Sherman Medium Tank
Oziligath
Msc1515
0
0
Comments
sign in to comment!
No comments posted yet!